 Dungeon Crawl Stone Soup version 0.28-a0-1415-g7c84da036a (webtiles) character file.

Game seed: 8153838737201755010

34 eustatius the Covered (level 3, -1/30 HPs)
             Began as a Djinni Fighter on Jan 8, 2022.
             Was a Follower of Okawaru.
             Slain by a hobgoblin (3 damage)
             ... on level 2 of the Dungeon.
             The game lasted 00:04:37 (1058 turns).

eustatius the Covered (Djinni Fighter)              Turns: 1058, Time: 00:04:38

Health: -1/30      AC:  6    Str: 17    XL:     3   Next: 50%
Gold:   38         EV:  9    Int:  9    God:    Okawaru [*.....] SH:  0 Dex: 12

rFire   + + .      SeeInvis .   a - +0 long sword
rCold   x . .      Faith    .   e - orb {*Rage}
rNeg    . . .      Spirit   .   b - +0 scale mail
rPois   ∞          Reflect  .   (no helmet)
rElec   .          Harm     .   (no cloak)
rCorr   .          Rampage  .   (no gloves)
Will    .....      Rage     20% (boots unavailable)
Stlth   ..........              (no amulet)
HPRegen 0.10/turn               (no ring)
MPRegen 0.00/turn               (no ring)

@: on berserk cooldown, flying, slowed, very slow
A: sickness immunity, fire resistance 2, cold vulnerability 1, float, innate
caster, hp casting, extra vitality 1
a: Renounce Religion, Heroism


You were on level 2 of the Dungeon.
You worshipped Okawaru.
Okawaru was aware of your devotion.
You visited 1 branch of the dungeon, and saw 2 of its levels.

You collected 38 gold pieces.

Inventory:

Hand Weapons
 a - a +0 long sword (weapon)
Missiles
 g - 14 poisoned darts (quivered)
Armour
 b - a +0 scale mail (worn)
 c - a +0 buckler
 e - an orb of wrath (worn)
Jewellery
 j - a ring of poison resistance
Scrolls
 h - a scroll of teleportation {unknown}
 i - a scroll of immolation {unknown}
 k - a scroll of vulnerability {unknown}
Potions
 d - a potion of might
 f - a potion of flight {unknown}


   Skills:
 * Level 3.3 Fighting
 * Level 2.1 Long Blades
 * Level 3.4 Armour
 * Level 0.5 Dodging
 - Level 3.0 Shields
 * Level 0.1 Spellcasting
 * Level 0.4 Invocations


You had one spell level left.
You knew the following spells:

 Your Spells              Type           Power      Damage    Failure   Level
a - Pain                  Necr           0%         1d4       77%         1
Your spell library was empty.

Dungeon Overview and Level Annotations

Branches:
Dungeon (2/15)

Altars:
Okawaru


Innate Abilities, Weirdness & Mutations

You are immune to sickness and miasma.
You are immune to poison.
Your flesh is very heat resistant. (rF++)
You are vulnerable to cold. (rC-)
You float through the air rather than walking.
You learn spells naturally, not from books.
Your magical power is your life essence.
You have superior vitality. (+4 MHP)


Message History

The frilled lizard bites you but does no damage.
The frilled lizard bites you.
* * * LOW HITPOINT WARNING * * *
You completely miss the frilled lizard.
The frilled lizard bites you but does no damage.
You barely miss the frilled lizard. The frilled lizard barely misses you.
You miss the frilled lizard.
The hobgoblin shouts!
You slash the frilled lizard!
You kill the frilled lizard!
Okawaru accepts your kill.
You feel a strong urge to attack something.
You are no longer berserk.
You are exhausted.
You feel yourself slow down.
A quokka comes into view.
Found 22 bolts.
Found a robe.
The quokka barely misses you. x2
You hit the quokka but do no damage. The quokka bites you.
* * * LOW HITPOINT WARNING * * *
The hobgoblin hits you.
* * * LOW HITPOINT WARNING * * *
The quokka bites you.
* * * LOW HITPOINT WARNING * * *
You barely miss the quokka. The quokka bites you.
* * * LOW HITPOINT WARNING * * *
The hobgoblin barely misses you. The quokka bites you.
* * * LOW HITPOINT WARNING * * *
The hobgoblin hits you but does no damage.
You closely miss the quokka. The quokka bites you.
* * * LOW HITPOINT WARNING * * *
The hobgoblin closely misses you.
The quokka bites you but does no damage.
The hobgoblin barely misses you. The quokka barely misses you.
You closely miss the quokka.
The quokka bites you but does no damage.
The hobgoblin barely misses you.
The quokka bites you but does no damage.
The hobgoblin hits you.
You die...

#..## #.##########
#...## #..#.........#
#.#..#####..##.....<....
#.##...##..#............
.....#.......#.........#
.....#....## #.........#
.....#.#...###..........
.......#................
>.....######...g@r.....#
...>.## ###.$.....>(.
.....# #.........#
.....# [.........##
###### .####......# #
#........ #.....###
#.....#


You could see a quokka and a hobgoblin.

Vanquished Creatures
  2 bats (D:1)
  2 endoplasms (D:2)
  10 goblins
  5 hobgoblins
  4 kobolds
  A quokka (D:1)
  2 frilled lizards
  A rat (D:2)
27 creatures vanquished.

Vanquished Creatures (others)
  3 withered plants (D:1)
3 creatures vanquished.

Grand Total: 30 creatures vanquished

Notes
Turn   | Place    | Note
-------+----------+-------------------------------------------
     0 | D:1      | eustatius the Djinni Fighter began the quest for the Orb.
     0 | D:1      | Reached XP level 1. HP: 20/20 MP: 0/0
   394 | D:1      | Found a faded altar of an unknown god.
   430 | D:1      | Reached XP level 2. HP: 25/25 MP: 0/0
   637 | D:1      | Prayed at the altar of an unknown god.
   637 | D:1      | Became a worshipper of Warmaster Okawaru
   637 | D:1      | Reached * piety under Okawaru
   978 | D:2      | Reached XP level 3. HP: 27/30 MP: 0/0
   978 | D:2      | Learned a level 1 spell: Pain
  1058 | D:2      | Slain by a hobgoblin

Illustrated notes

Levels and vault maps discovered:
D:1:      minmay_arrival_four_houses, layout_basic,
          ebering_ecumenical_altar_petrified
D:2:      layout_rooms, minmay_goblin_outpost

Skill      XL: |  1  2 |
---------------+-------+-----
Long Blades    | 2 |  2.1
Fighting       | |  3.3
Armour         | |  3.4
Dodging        | |  0.5
Shields        | |  3.0
Spellcasting   | |  0.1
Invocations    | |  0.4

Action                   || total
-------------------------++-------
Melee: Long sword        ||    86
Armor: Scale mail        ||    57
Dodge: Dodged            ||    59

Table legend: (Time is in decaauts)
 A = Elapsed time spent in this place.
 B = Non-inter-level travel time spent in this place.
 C = Inter-level travel time spent in this place.
 D = Time resting spent in this place.
 E = Time spent auto-exploring this place.
 F = Levels seen in this place.
 G = Mean time per level.
                   A        B        C        D        E       F      G
               +--------+--------+--------+--------+--------+-----+--------+
         Total |   1172 |   1129 |     43 |      0 |    574 |   2 |  586.0 |
       Dungeon |   1172 |   1129 |     43 |      0 |    574 |   2 |  586.0 |
               +--------+--------+--------+--------+--------+-----+--------+

Top non-repeatable levels by time:
     D:1: 1042 daAuts
     D:2: 129 daAuts
